 Dungeon Crawl Stone Soup version 0.27-a0-1206-g6342a01c75 (webtiles) character file.

Game seed: 7789769814557531739

9 Glokmah the Firebug (level 2, 20/20 HPs)
             Began as a Demonspawn Fire Elementalist on June 5, 2021.
             Quit the game on level 1 of the Dungeon.
             The game lasted 00:00:53 (571 turns).

Glokmah the Firebug (Demonspawn Fire Elementalist)   Turns: 571, Time: 00:00:54

Health: 20/20      AC:  2    Str:  8    XL:     2   Next: 6%
Magic:  5/5        EV: 12    Int: 16    God:
Gold:   39         SH:  0    Dex: 13    Spells: 4/5 levels left

rFire    . . .     SeeInvis .   e - +0 whip
rCold    . . .     Faith    .   (no shield)
rNeg     . . .     Spirit   .   a - +0 robe
rPois    .         Reflect  .   (helmet restricted)
rElec    .         Harm     .   (no cloak)
rCorr    .         Rampage  .   (no gloves)
Will     .....                  (no boots)
Stlth    ++........             (no amulet)
HPRegen  0.06/turn              (no ring)
MPRegen  0.09/turn              (no ring)

@: no status effects
A: horns 1
a: no special abilities


You were on level 1 of the Dungeon.
You visited 1 branch of the dungeon, and saw 1 of its levels.

You collected 39 gold pieces.

Inventory:

Hand Weapons
 e - a +0 whip (weapon)
Armour
 a - a +0 robe (worn)
Jewellery
 c - a +6 ring of intelligence
Scrolls
 f - a scroll of fog {unknown}
 g - a scroll of identify {unknown}
Potions
 b - a potion of mutation {unknown}
 d - a potion of lignification {unknown}


   Skills:
 + Level 0.5 Fighting
 - Level 1.7 Dodging
 - Level 1.7 Stealth
 + Level 2.1 Spellcasting
 + Level 1.2 Conjurations
 * Level 2.9 Fire Magic


You had 4 spell levels left.
You knew the following spells:

 Your Spells              Type           Power      Damage    Failure   Level
a - Foxfire               Conj/Fire      32%        2x1d5     9%          1

Your spell library contained the following spells:

 Spells                   Type           Power      Damage    Failure   Level
 Conjure Flame            Conj/Fire      8%         6-21      26%         3
 Inner Flame              Hex/Fire       6%         N/A       32%         3
 Sticky Flame             Conj/Fire      8%         2d3       65%         4
 Fireball                 Conj/Fire      4%         3d4       94%         5


Dungeon Overview and Level Annotations

Branches:
Dungeon (1/15)

Altars:


Innate Abilities, Weirdness & Mutations

You have a pair of small horns on your head.


Message History

You see here a giant cockroach corpse.
A ball python comes into view.
Casting: Foxfire (safe; 9% risk of failure)
Confirm with . or Enter, or press ? or * to list all spells.
You conjure some foxfire!
Casting: Foxfire (safe; 9% risk of failure)
Confirm with . or Enter, or press ? or * to list all spells.
You conjure some foxfire!
The foxfire hits the ball python.
You kill the ball python!
Your foxfire dissipates!
You now have 39 gold pieces (gained 8).
f - a scroll labelled JOKYLECEIGG A bat comes into view.
The bat hits you but does no damage.
You see here a scroll labelled YMESUI UDEAKI.
Casting: Foxfire (safe; 9% risk of failure)
Confirm with . or Enter, or press ? or * to list all spells.
You conjure some foxfire!
The bat closely misses you.
The foxfire hits the bat.
The bat is heavily wounded.
The foxfire hits the bat.
You kill the bat!
You have reached level 2!
You feel monstrous as your demonic heritage exerts itself.
Your demonic ancestry asserts itself...
A pair of horns grows on your head!
g - a scroll labelled YMESUI UDEAKI A frilled lizard and a rat come into view.
Casting: Foxfire (safe; 9% risk of failure)
Confirm with . or Enter, or press ? or * to list all spells.
You conjure some foxfire!
The foxfire hits the frilled lizard.
You kill the frilled lizard!
Casting: Foxfire (safe; 9% risk of failure)
Confirm with . or Enter, or press ? or * to list all spells.
You conjure some foxfire!
The foxfire hits the rat.
You kill the rat!
Your foxfire dissipates!
Found a faded altar of an unknown god.
Are you sure you want to abandon this character and quit the game? (Confirm with "yes".)

#.# ### #.#.....## #.#
#.. #........###.# #..
._....... ).# #..
...†... #.# #####.
..... #.####...#. ...
#......#.#. #.#
#.......... #@#
#.#####.###
#######.######.# #....
............##.# #####
####.....##.##†########
.........##.##.........
............##.########
.........#..##.##
....†..#....#...#
..............#.#


There were no monsters in sight!

Vanquished Creatures
  A giant cockroach (D:1)
  3 ball pythons (D:1)
  3 bats (D:1)
  A frilled lizard (D:1)
  A kobold (D:1)
  A rat (D:1)
10 creatures vanquished.

Vanquished Creatures (others)
  18 foxfires (D:1)
18 creatures vanquished.

Grand Total: 28 creatures vanquished

Notes
Turn   | Place    | Note
-------+----------+-------------------------------------------
     0 | D:1      | Glokmah the Demonspawn Fire Elementalist began the quest
                  | for the Orb.
     0 | D:1      | Reached XP level 1. HP: 13/13 MP: 3/3
   497 | D:1      | Gained mutation: You have a pair of small horns on your
                  | head. [demonic ancestry]
   497 | D:1      | Reached XP level 2. HP: 20/20 MP: 1/5
   570 | D:1      | Found a faded altar of an unknown god.
   571 | D:1      | Quit the game

Illustrated notes

Levels and vault maps discovered:
D:1:      lightli_arrival_noodles, layout_loops_ring, basic_ecumenical_altar

Action                   || total
-------------------------++-------
Melee: Whip              ||     1
 Cast: Foxfire           ||    14
Armor: Robe              ||     1
Dodge: Dodged            ||     3

Table legend: (Time is in decaauts)
 A = Elapsed time spent in this place.
 B = Non-inter-level travel time spent in this place.
 C = Inter-level travel time spent in this place.
 D = Time resting spent in this place.
 E = Time spent auto-exploring this place.
 F = Levels seen in this place.
 G = Mean time per level.
                   A        B        C        D        E       F      G
               +--------+--------+--------+--------+--------+-----+--------+
         Total |    570 |    570 |      0 |      0 |    484 |   1 |  570.0 |
       Dungeon |    570 |    570 |      0 |      0 |    484 |   1 |  570.0 |
               +--------+--------+--------+--------+--------+-----+--------+

Top non-repeatable levels by time:
     D:1: 570 daAuts
